 Dungeon Crawl Stone Soup version 0.23.2-40-g277498a (webtiles) character file.

Game seed: 6244167020391622762

91 Aphrodieselac the Charmwright (level 4, 0/33 HPs)
             Began as a Merfolk Skald on Aug 29, 2019.
             Succumbed to an adder's poison
             ... on level 2 of the Dungeon.
             The game lasted 00:06:33 (1170 turns).

Aphrodieselac the Charmwright (Merfolk Skald)       Turns: 1170, Time: 00:06:34

Health: 0/33       AC:  4    Str: 16    XL:     4   Next: 57%
Magic:  7/7        EV: 12    Int: 13    God:
Gold:   42         SH:  0    Dex: 13    Spells: 6/7 levels left

rFire    . . .     SeeInvis .   a - +0 spear
rCold    . . .     Gourm    .   (no shield)
rNeg     . . .     Faith    .   b - +0 leather armour
rPois    .         Spirit   .   (no helmet)
rElec    .         Reflect  .   i - +0 cloak
rCorr    .         Harm     .   (no gloves)
MR       .....                  (no boots)
Stlth    +.........             j - amulet of magic regeneration
HPRegen  0.11/turn              (no ring)
MPRegen  0.35/turn              (no ring)

@: mighty, lethally poisoned (0 -> -1), flying
A: change form in water, swift swim, stealthy swim
a: no special abilities


You were on level 2 of the Dungeon.
You were not hungry.

You visited 1 branch of the dungeon, and saw 2 of its levels.

You collected 42 gold pieces.

Inventory:

Hand Weapons
 a - a +0 spear (weapon)
Armour
 b - a +0 leather armour (worn)
 c - a +0 leather armour of fire resistance
 i - a +0 cloak (worn)
Jewellery
 j - an amulet of magic regeneration (around neck)
Scrolls
 e - a scroll of enchant armour {unknown}
 f - 2 scrolls of identify {unknown}
 h - a scroll of enchant weapon {unknown}
Comestibles
 d - 3 rations
 g - 4 chunks of flesh


   Skills:
 - Level 2.1 Fighting
 + Level 4.5 Polearms
 - Level 0.6 Armour
 - Level 2.6 Dodging
 - Level 2.0 Spellcasting
 * Level 5.0 Charms


You had 6 spell levels left.
You knew the following spells:

 Your Spells              Type           Power        Failure   Level  Hunger
a - Infusion              Chrm           ##..         4%          1    ##.....

Your spell library contained the following spells:

 Spells                   Type           Power        Failure   Level  Hunger
 Song of Slaying          Chrm           ##......     6%          2    ###....
 Shroud of Golubria       Chrm/Tloc      #.........   17%         2    ###....
 Regeneration             Chrm/Necr      #.........   32%         3    ####...
 Spectral Weapon          Hex/Chrm       #.......     32%         3    ####...


Dungeon Overview and Level Annotations

Branches:
Dungeon (2/15)

Altars:
Ashenzari
Qazlal
Uskayaw
Vehumet
Zin


Message History

You kill the adder!
Your Charms skill increases to level 5!
It was a potion of flight.
You feel very buoyant.
You fly up into the air.
* * * LOW HITPOINT WARNING * * *
You feel sick.
It was a potion of might.
You feel very mighty all of a sudden.
* * * LOW HITPOINT WARNING * * *
You feel sick.
Your magical infusion is running out.
* * * LOW HITPOINT WARNING * * *
You feel sick.
You see here a dagger.
You are no longer magically infusing your attacks.
* * * LOW HITPOINT WARNING * * *
You feel sick.
Your magical contamination has completely faded away.
You die...

#.##..# .#
#.#.#..########.#####
.# #................. #
##.<#....)..#
##.....###.#
##.......##.# .
##.._..._.##.#
#.#..........#.#####..#
#......8....#..@.....#
#.#.........#####..#.#
#..##._..._.### .# #.
#.......... ?.
#..####........ .. ...
###...... .# ..####
...... # ..... ......
...#### ......


There were no monsters in sight!

Vanquished Creatures
  3 adders (D:2)
  3 oozes
  A dart slug (D:2)
  A leopard gecko (D:1)
  3 giant cockroaches
  8 hobgoblins
  4 jackals (D:2)
  A ball python (D:2)
  4 bats
  3 frilled lizards
  5 goblins
  6 kobolds
  5 rats
47 creatures vanquished.

Notes
Turn   | Place    | Note
-------+----------+-------------------------------------------
     0 | D:1      | Aphrodieselac the Merfolk Skald began the quest for the
                  | Orb.
     0 | D:1      | Reached XP level 1. HP: 16/16 MP: 3/3
    95 | D:1      | Reached XP level 2. HP: 20/22 MP: 5/5
   341 | D:1      | Reached skill level 4 in Charms
   460 | D:1      | Reached XP level 3. HP: 22/27 MP: 6/6
   803 | D:2      | Reached XP level 4. HP: 22/33 MP: 7/7
   898 | D:2      | Found a radiant altar of Vehumet.
  1110 | D:2      | Found a glowing silver altar of Zin.
  1110 | D:2      | Found a hide-covered altar of Uskayaw.
  1122 | D:2      | Found a shattered altar of Ashenzari.
  1122 | D:2      | Found a stormy altar of Qazlal.
  1155 | D:2      | Reached skill level 5 in Charms
  1166 | D:2      | HP: 1/33 [poisoned by an adder]
  1170 | D:2      | Succumbed to an adder's poison

Skill      XL: |  1  2  3  4 |
---------------+-------------+-----
Charms         | 4 5 |  5.0
Polearms       | 4 |  4.5
Fighting       | |  2.1
Armour         | |  0.6
Dodging        | |  2.6
Spellcasting   | |  2.0

Action                   |  1- 3 |  4- 6 || total
-------------------------+-------+-------++-------
Melee: Spear             |   115 |    54 ||   169
 Cast: Infusion          |     2 |     2 ||     4
  Use: Potion            |       |     2 ||     2
 Stab: Sleeping          |       |     1 ||     1
  Eat: Chunk             |       |     1 ||     1
Armor: Leather armour    |    34 |    10 ||    44
Dodge: Dodged            |    64 |    30 ||    94
